 Dungeon Crawl Stone Soup version bcrawl-1.28.5 (webtiles) character file.

Game seed: 3993321063740566873

282674 Mehrunes the Basher (level 10, -2/171 HPs)
             Began as an Ogre Berserker on Jan 28, 2021.
             Was an Elder of Trog.
             Slain by an orc warrior
             ... wielding a +0 glaive
              (21 damage)
             ... in a bailey.
             The game lasted 00:13:12 (7230 turns).

Mehrunes the Basher (Ogre Berserker)                Turns: 7230, Time: 00:13:13

Health: -2/171     AC:  6    Str: 28    XL:     10   Next: 3%
Magic:  10/10      EV: 12    Int:  8    God:    Trog [****..]
Gold:   672        SH:  0    Dex: 11    Spells: 9/9 levels left

rFire    . . .     SeeInvis .   c - +0 giant club
rCold    . . .     Gourm    .   (shield currently unavailable)
rNeg     . . .     Faith    .   b - +0 animal skin
rPois    .         Spirit   .   (helmet restricted)
rElec    +         Reflect  .   p - +2 cloak
rCorr    .         Harm     .   (gloves unavailable)
MR       +++..                  (boots unavailable)
Stlth    ..........             (no amulet)
HPRegen  1.38/turn              l - ring of insulation
MPRegen  0.12/turn              (no ring)

@: mighty, berserking, regenerating, hasted, very quick
A: large, unfitting armour, tough skin 1
a: Berserk, Trog's Hand, Brothers in Arms, Renounce Religion


You were in a bailey.
You worshipped Trog.
Trog was greatly pleased with you.
You were hungry.

You visited 1 branch of the dungeon, and saw 7 of its levels.
You also visited: Bailey.

You collected 672 gold pieces.

Inventory:

Hand Weapons
 a - a +0 mace
 c - a +0 giant club (weapon)
 s - the +9 hunting sling of True Grit {freeze, +Inv Int+3, unknown}
   (You found it on level 5 of the Dungeon)

   It causes projectiles fired from it to freeze those they strike, increasing
   damage dealt by approximately one third against foes not resistant or
   susceptible to cold, and potentially slowing cold-blooded foes.
   It affects your intelligence (+3).
   It lets you turn invisible.
Missiles
 D - 2 throwing nets {=f}
Armour
 b - a +0 animal skin (worn)
 p - a +2 cloak (worn)
Jewellery
 l - a ring of insulation (left hand)
Wands
 C - a wand of clouds (8)
 I - a wand of disintegration (10)
Scrolls
 d - 6 scrolls of teleportation
 f - a scroll of blinking {unknown}
 h - a scroll of fog {unknown}
 i - a scroll of fear {unknown}
 j - 2 scrolls of enchant armour {unknown}
 m - 3 scrolls of enchant weapon {unknown}
 q - 2 scrolls of magic mapping
 r - 2 scrolls of noise {unknown}
 u - 4 scrolls of remove curse {unknown}
 y - 3 scrolls of amnesia {unknown}
 B - a scroll of immolation {unknown}
 F - a scroll of silence {unknown}
Potions
 g - 2 potions of might
 k - 2 potions of haste
 o - 2 potions of berserk rage
 t - 3 potions of flight
 v - a potion of cancellation {unknown}
 w - 4 potions of curing
 x - 3 potions of mutation
 z - a potion of degeneration {unknown}
 A - 3 potions of brilliance
 E - 2 potions of heal wounds
 G - 2 potions of experience {unknown}
 J - a potion of invisibility {unknown}
 K - 3 potions of resistance {unknown}
Comestibles
 e - 5 rations {!d}
 H - 6 chunks of flesh


   Skills:
 - Level 11.4 Fighting
 - Level 12.0 Maces & Flails
 + Level 5.4 Dodging


You had 9 spell levels left.
You didn't know any spells.
Your spell library was empty.

Dungeon Overview and Level Annotations

Branches:
Dungeon (7/12)             Temple (0/1) D:6
   Lair: D:7-9

Altars:
Ashenzari
Lugonu

Annotations:
D:4 1 runed translucent door, dcsswall's ghost, novice OgAc


Innate Abilities, Weirdness & Mutations

You are too large for most types of armour.
You have tough skin. (AC +1)


Message History

Trog accepts your kill.
You sock the orc!
You kill the orc!
Trog accepts your kill.
You thump the orc!
You kill the orc!
Trog accepts your kill.
The orc warrior hits you from afar with a +0 glaive!!
The orc warrior hits you from afar with a +0 halberd!!!
The orc closely misses you.
The orc knight hits you from afar with a +0 trident!!
* * * LOW HITPOINT WARNING * * *
You sock the orc!
You kill the orc!
Trog accepts your kill.
You closely miss the orc.
The orc warrior hits you from afar with a +0 halberd!!
* * * LOW HITPOINT WARNING * * *
The orc warrior hits you from afar with a +0 glaive!!
You die...

#+++++#
##.....##
#.......#
#.......#
#.......#
#...o...#
#.oo))o.#
#o)@).#
##'''##
#.....#
#.....#
#.....#
#.....#
#.....#
##'''##
##.....##


You could see an orc knight, 3 orc warriors and an orc.

Vanquished Creatures
  Joseph (D:7)
  A troll (D:5)
  A hippogriff (D:6)
  A wraith (D:7)
  A yak (D:7)
  5 orc warriors
  2 ice beasts
  A sky beast (D:6)
  2 ogres
  2 phantoms (D:6)
  A big kobold (D:6)
  A bullfrog (D:7)
  A water moccasin zombie (D:7)
  2 scorpions (D:6)
  A howler monkey (D:6)
  4 crimson imps
  A bullfrog zombie (D:5)
  A quasit (D:7)
  6 hounds
  2 jellies (D:6)
  An orc wizard (D:4)
  A bullfrog skeleton (D:6)
  An iguana (D:5)
  3 worker ants
  A hound skeleton (D:6)
  A howler monkey zombie (D:4)
  A howler monkey skeleton (D:7)
  14 adders
  An ooze (D:6)
  2 worms
  A dart slug (D:5)
  3 leopard geckos
  38 orcs
  2 ball pythons (D:2)
  4 bats
  2 giant cockroaches (D:2)
  6 hobgoblins
  20 jackals
  9 kobolds
  2 quokkas
  5 frilled lizards
  9 goblins
  7 rats
171 creatures vanquished.

Notes
Turn   | Place    | Note
-------+----------+-------------------------------------------
     0 | D:1      | Mehrunes the Ogre Berserker began the quest for the Orb.
     0 | D:1      | Reached XP level 1. HP: 24/24 MP: 1/1
   167 | D:1      | Reached skill level 4 in Maces & Flails
   167 | D:1      | Reached XP level 2. HP: 27/33 MP: 2/2
  1104 | D:2      | Reached ** piety under Trog
  1105 | D:2      | Reached XP level 3. HP: 41/41 MP: 3/3
  1156 | D:2      | Reached skill level 5 in Fighting
  1227 | D:2      | Reached XP level 4. HP: 48/50 MP: 4/4
  1497 | D:2      | Reached skill level 5 in Maces & Flails
  1920 | D:2      | Reached XP level 5. HP: 59/59 MP: 5/5
  3150 | D:4      | Reached skill level 6 in Maces & Flails
  3272 | D:4      | Reached XP level 6. HP: 66/68 MP: 6/6
  3278 | D:4      | Reached *** piety under Trog
  3319 | D:4      | Found a runed translucent door.
  3335 | D:4      | Noticed dcsswall's ghost (novice OgAc)
  4045 | D:5      | Entered Level 5 of the Dungeon
  4189 | D:5      | Reached skill level 7 in Maces & Flails
  4189 | D:5      | Reached XP level 7. HP: 77/79 MP: 7/7
  4294 | D:5      | Found a corrupted altar of Lugonu.
  4294 | D:5      | Found a shattered altar of Ashenzari.
  4420 | D:5      | Got a scorched hunting sling
  4567 | D:5      | Noticed a troll
  4833 | D:5      | Killed a troll
  4834 | D:5      | Reached skill level 9 in Maces & Flails
  5061 | D:5      | Reached XP level 8. HP: 84/88 MP: 8/8
  5362 | D:6      | HP: 2/89 [orc warrior/+0 battleaxe (24)]
  5586 | D:6      | Reached skill level 10 in Maces & Flails
  5655 | D:6      | Found a staircase to the Ecumenical Temple.
  5682 | D:6      | Noticed a hippogriff
  5960 | D:6      | Reached skill level 10 in Fighting
  6024 | D:6      | Killed a hippogriff
  6025 | D:6      | Reached XP level 9. HP: 102/102 MP: 9/9
  6027 | D:6      | Reached skill level 11 in Maces & Flails
  6823 | D:7      | Found a flagged portal.
  6823 | D:7      | Noticed Joseph
  6843 | D:7      | Killed Joseph
  6843 | D:7      | Reached **** piety under Trog
  6844 | D:7      | Reached skill level 12 in Maces & Flails
  6909 | Bailey   | Entered a bailey
  7069 | Bailey   | Reached skill level 5 in Dodging
  7071 | Bailey   | Reached XP level 10. HP: 75/114 MP: 10/10
  7220 | Bailey   | Noticed an orc knight
  7230 | Bailey   | Slain by an orc warrior

Skill      XL: |  1  2  3  4  5  6  7  8  9 |
---------------+----------------------------+-----
Maces & Flails | 4 5 6 7 9 10 12 | 12.0
Fighting       | 5 6 7 10 11 | 11.4
Dodging        | 5 |  5.4

Action                   |  1- 3 |  4- 6 |  7- 9 | 10-12 || total
-------------------------+-------+-------+-------+-------++-------
Melee: Mace              |    99 |   300 |       |       ||   399
       Giant club        |       |       |   211 |     6 ||   217
Invok: Berserk           |       |     2 |     6 |     1 ||     9
       Trog's Hand       |       |     4 |     2 |     1 ||     7
  Use: Scroll            |     2 |       |       |     9 ||    11
       Potion            |       |       |       |     2 ||     2
 Stab: Sleeping          |       |     2 |       |       ||     2
  Eat: Chunk             |     4 |    19 |    11 |     2 ||    36
       Ration            |       |       |     3 |       ||     3
Armor: Animal skin       |    43 |   153 |   104 |       ||   300
Dodge: Dodged            |    69 |   238 |   156 |    15 ||   478
